 Dungeon Crawl Stone Soup version 0.28-a0-1087-gf3fc490d9d (webtiles) character file.

Game seed: 2852520259273355623

279 lonewolfV2 the Covered (level 6, -8/53 HPs)
             Began as a Minotaur Fighter on Dec 10, 2021.
             Mangled by an orc warrior (13 damage)
             ... on level 4 of the Dungeon.
             The game lasted 00:04:59 (3746 turns).

lonewolfV2 the Covered (Minotaur Fighter)           Turns: 3746, Time: 00:05:01

Health: -8/53      AC:  7    Str: 20    XL:     6   Next: 5%
Magic:  5/5        EV: 10    Int:  5    God:
Gold:   104        SH:  5    Dex: 12    Spells: 5/5 levels left

rFire   . . .      SeeInvis .   a - +0 long sword
rCold   . . .      Faith    .   c - +0 buckler
rNeg    . . .      Spirit   .   b - +0 scale mail
rPois   .          Reflect  .   (helmet restricted)
rElec   .          Harm     .   (no cloak)
rCorr   .          Rampage  .   (no gloves)
Will    +....                   (no boots)
Stlth   ..........              (no amulet)
HPRegen 0.17/turn               o - ring of willpower
MPRegen 0.09/turn               (no ring)

@: no status effects
A: horns 2, retaliatory headbutt
a: no special abilities


You were on level 4 of the Dungeon.
You visited 1 branch of the dungeon, and saw 4 of its levels.

You collected 104 gold pieces.

Inventory:

Hand Weapons
 a - a +0 long sword (weapon)
Armour
 b - a +0 scale mail (worn)
 c - a +0 buckler (worn)
Jewellery
 o - a ring of willpower (left hand)
Wands
 q - a wand of flame (2)
Scrolls
 e - a scroll of magic mapping
 g - 2 scrolls of acquirement {unknown}
 h - 2 scrolls of amnesia
 k - 2 scrolls of teleportation {unknown}
Potions
 d - a potion of might
 f - a potion of flight
 j - a potion of attraction {unknown}
 l - a potion of heal wounds {unknown}
 m - 2 potions of ambrosia {unknown}
 n - a potion of berserk rage {unknown}
 p - a potion of curing


   Skills:
 + Level 4.7 Fighting
 + Level 5.0 Long Blades
 + Level 5.0 Armour
 + Level 1.7 Dodging
 + Level 0.2 Stealth
 + Level 4.4 Shields


You had 5 spell levels left.
You didn't know any spells.
Your spell library contained the following spells:

 Spells                   Type           Power      Damage    Failure   Level
 Animate Skeleton         Necr           0%         N/A       82%         1
 Apportation              Tloc           0%         N/A       82%         1
 Summon Small Mammal      Summ           0%         N/A       82%         1


Dungeon Overview and Level Annotations

Branches:
Dungeon (4/15)
 Temple: D:4-7

Altars:

Shops:
D:1 =


Innate Abilities, Weirdness & Mutations

You have a pair of horns on your head.
You reflexively headbutt those who attack you in melee.


Message History

The orc warrior hits you with a +0 battleaxe!
You barely miss the orc warrior. You headbutt the orc warrior!
The orc warrior is moderately wounded.
The orc warrior barely misses you.
You hit the orc warrior.
The orc warrior is moderately wounded.
You block the orc warrior's attack.
You hit the orc warrior but do no damage.
You headbutt the orc warrior!
The orc warrior is almost dead.
The orc warrior closely misses you.
You barely miss the orc warrior. Your headbutt misses the orc warrior.
The orc warrior is severely wounded.
The orc warrior barely misses you.
You hit the orc warrior but do no damage.
Your headbutt misses the orc warrior.
The orc warrior is severely wounded.
You block the orc warrior's attack. The orc warrior closely misses you.
You furiously retaliate!
You headbutt the orc warrior, but do no damage.
Your scale mail prevents you from hitting the orc warrior.
Your headbutt misses the orc warrior.
The orc warrior is severely wounded.
The orc warrior closely misses you.
Your scale mail prevents you from hitting the orc warrior.
Your headbutt misses the orc warrior.
The orc warrior is severely wounded.
The orc warrior hits you with a +0 battleaxe!
You hit the orc warrior but do no damage.
The orc warrior is severely wounded.
The orc priest casts a cantrip, but nothing happens.
The orc warrior hits you with a +0 battleaxe.
Your scale mail prevents you from hitting the orc warrior.
Your headbutt misses the orc warrior.
The orc warrior is severely wounded.
The orc priest mumbles some strange prayers to Beogh against you.
Beogh smites you!
* * * LOW HITPOINT WARNING * * *
The orc warrior hits you with a +0 battleaxe!
You die...

#...... #...... .
#.....# ...
#....# ... #....#
### .. #....###
.!.# # #......#
....! #
#.....o####......
#
#.....{o@.'......
#..
#.....o####......
...
#......#####.....
... ####.......#
#.## ..#
#######.# # #.#
#.# .
#############.#
#.............#
#.#############


You could see an orc warrior, an orc priest and an orc.

Vanquished Creatures
  A howler monkey (D:3)
  An orc priest (D:3)
  An iguana (D:3)
  Natasha (thrice) (D:3)
  3 adders
  2 worms
  A dart slug (D:3)
  3 orcs (D:3)
  7 endoplasms
  2 giant cockroaches
  12 goblins
  7 hobgoblins
  11 jackals
  A quokka (D:3)
  2 ball pythons (D:1)
  4 bats
  2 frilled lizards
  A kobold (D:2)
  2 rats (D:2)
66 creatures vanquished.

Notes
Turn   | Place    | Note
-------+----------+-------------------------------------------
     0 | D:1      | lonewolfV2 the Minotaur Fighter began the quest for the
                  | Orb.
     0 | D:1      | Reached XP level 1. HP: 19/19 MP: 0/0
   489 | D:1      | Reached XP level 2. HP: 25/27 MP: 1/1
   543 | D:1      | Found a faded altar of an unknown god.
   749 | D:1      | Found Aloaba's Jewellery Boutique.
  1004 | D:1      | Reached XP level 3. HP: 33/33 MP: 2/2
  2264 | D:3      | Reached XP level 4. HP: 41/41 MP: 3/3
  2496 | D:3      | Noticed Natasha
  2507 | D:3      | HP: 2/41 [Natasha/puff of flame (7)]
  2508 | D:3      | Killed Natasha
  2509 | D:3      | Reached XP level 5. HP: 3/47 MP: 4/4
  3015 | D:3      | Noticed Natasha
  3019 | D:3      | Reached skill level 1 in Dodging
  3025 | D:3      | Killed Natasha
  3026 | D:3      | Reached skill level 5 in Armour
  3322 | D:3      | Reached skill level 5 in Long Blades
  3505 | D:3      | Noticed Natasha
  3515 | D:3      | Killed Natasha
  3516 | D:3      | Reached XP level 6. HP: 46/53 MP: 5/5
  3725 | D:4      | Noticed an orc warrior
  3746 | D:4      | Mangled by an orc warrior

Illustrated notes

Levels and vault maps discovered:
D:1:      scummos_arrival_simple_crosswalls, layout_basic,
          shapermc_ecumenical_altar_flowoftime, serial_shops,
          nicolae_diamond_shop, nrook_campfire
D:2:      layout_loops_cross
D:3:      layout_rooms, patterned_corridor, uniq_natasha
D:4:      layout_basic, uniq_grinder

Skill      XL: |  1  2  3  4  5 |
---------------+----------------+-----
Fighting       | 4 |  4.7
Long Blades    | 3 4 5 |  5.0
Armour         | 4 5 |  5.0
Shields        | 4 |  4.4
Dodging        | 1 |  1.7
Stealth        | |  0.2

Action                   |  1- 3 |  4- 6 || total
-------------------------+-------+-------++-------
Melee: Long sword        |    85 |    68 ||   153
       Headbutt          |    14 |    14 ||    28
  Use: Scroll            |       |     3 ||     3
       Potion            |       |     2 ||     2
Armor: Scale mail        |    50 |    15 ||    65
Dodge: Dodged            |    41 |    29 ||    70
Block: Buckler           |    19 |    23 ||    42

Table legend: (Time is in decaauts)
 A = Elapsed time spent in this place.
 B = Non-inter-level travel time spent in this place.
 C = Inter-level travel time spent in this place.
 D = Time resting spent in this place.
 E = Time spent auto-exploring this place.
 F = Levels seen in this place.
 G = Mean time per level.
                   A        B        C        D        E       F      G
               +--------+--------+--------+--------+--------+-----+--------+
         Total |   3780 |   3780 |      0 |    677 |   2448 |   4 |  945.0 |
       Dungeon |   3780 |   3780 |      0 |    677 |   2448 |   4 |  945.0 |
               +--------+--------+--------+--------+--------+-----+--------+

Top non-repeatable levels by time:
     D:3: 1517 daAuts
     D:1: 1261 daAuts
     D:2: 846 daAuts
     D:4: 155 daAuts
